3L
PANAMA CITY PIRANHAS @ BROOKLYN DODGERS
08/12/2042
 
TOP OF THE 1ST
Panama City Piranhas batting - Pitching for Brooklyn Dodgers : LHP Holden Rosen Grupp
Pitching: LHP Holden Rosen Grupp
Batting: LHB Oasiz Wiesblatt 0-0: Ball
1-0: Foul Ball, location: 2F
1-1: Swinging Strike
1-2: Foul Ball, location: 2F
1-2: Ball
2-2: Foul Ball, location: 2F
2-2: Ball
3-2: Ground out 4-3 (Groundball, 4, EV 104.4 MPH)
Batting: RHB Cleveland Kraut 0-0: Ball
1-0: Foul Ball, location: 2F
1-1: Ball
2-1: Called Strike
2-2: Foul Ball, location: 2F
2-2: Fly out, F7 (Flyball, 78M, EV 91.2 MPH)
Batting: RHB Blaze Alexander 0-0: Ground out 3-1 (Groundball, 34S, EV 87.5 MPH)
Top of the 1st over - 0 runs, 0 hits, 0 errors, 0 left on base; Panama City 0 - Brooklyn 0
BOTTOM OF THE 1ST
Brooklyn Dodgers batting - Pitching for Panama City Piranhas : RHP Jaganmani Vivek
Pitching: RHP Jaganmani Vivek
Batting: SHB Fa-hsien Tze 0-0: Ball
1-0: Called Strike
1-1: Foul Ball, location: 2F
1-2: Fly out, F2 (Popup, 2RF, EV 91.9 MPH)
Batting: RHB Carlos Muñóz 0-0: Foul Ball, location: 2F
0-1: Ball
1-1: Foul Ball, location: 2F
1-2: Ball
2-2: Ball
3-2: SOLO HOME RUN (Flyball, 7D, EV 90.6 MPH), Distance : 383 ft
Batting: LHB Tony Wonder 0-0: Ground out 6-3 (Groundball, 6, EV 108.1 MPH)
Batting: LHB Richello Mabait 0-0: Called Strike
0-1: Foul Ball, location: 2F
0-2: Ball
1-2: Strikes out looking
Bottom of the 1st over - 1 run, 1 hit, 0 errors, 0 left on base; Panama City 0 - Brooklyn 1
TOP OF THE 2ND
Panama City Piranhas batting - Pitching for Brooklyn Dodgers : LHP Holden Rosen Grupp
Batting: RHB Carsello Scruggins 0-0: Ball
1-0: Ball
2-0: Ball
3-0: Called Strike
3-1: Foul Ball, location: 2F
3-2: Foul Ball, location: 2F
3-2: Fly out, F8 (Line Drive, 8RD, EV 101.2 MPH)
Batting: RHB William Penn 0-0: Ball
1-0: Ball
2-0: Swinging Strike
2-1: Ball
3-1: SINGLE (Line Drive, 34D, EV 106.9 MPH)
Batting: RHB Silvian Burger 0-0: Called Strike
0-1: Fielders Choice at 2nd, 1-4 (Groundball, P, EV 88.1 MPH)
Batting: LHB Hugh Hill 0-0: Ball
1-0: Called Strike
1-1: Called Strike
1-2: Ball
2-2: Foul Ball, location: 2F
2-2: Ball
3-2: Base on Balls
Silvian Burger to second
Batting: RHB Luke Thornton 0-0: Ball
1-0: SINGLE (Groundball, 6MD, EV 102.5 MPH)
Silvian Burger to third
Hugh Hill to second
Runner from 3rd tries for Home, SAFE, no throw by CF
Batting: RHB Hyeon-cheong Kim 0-0: Called Strike
0-1: Foul Ball, location: 2F
0-2: Fly out, F7 (Flyball, 78S, EV 73.8 MPH)
Top of the 2nd over - 1 run, 2 hits, 0 errors, 2 left on base; Panama City 1 - Brooklyn 1
BOTTOM OF THE 2ND
Brooklyn Dodgers batting - Pitching for Panama City Piranhas : RHP Jaganmani Vivek
Batting: RHB Bill Chaundler 0-0: Called Strike
0-1: Foul Ball, location: 2F
0-2: Strikes out swinging
Batting: LHB Jung-joon Yi 0-0: Ball
1-0: Ball
2-0: Foul Ball, location: 2F
2-1: Ground out 5-3 (Groundball, 56, EV 102.5 MPH)
Batting: RHB Joey Trifone 0-0: Foul Ball, location: 2F
0-1: Ball
1-1: Foul Ball, location: 2F
1-2: Fly out, F9 (Flyball, 9S, EV 75.0 MPH)
Bottom of the 2nd over - 0 runs, 0 hits, 0 errors, 0 left on base; Panama City 1 - Brooklyn 1
TOP OF THE 3RD
Panama City Piranhas batting - Pitching for Brooklyn Dodgers : LHP Holden Rosen Grupp
Batting: LHB Oasiz Wiesblatt 0-0: Called Strike
0-1: SINGLE (Flyball, 8LS, EV 100.0 MPH)
Batting: RHB Cleveland Kraut 0-0: Fly out, F8 (Flyball, 89M, EV 82.5 MPH)
Batting: RHB Blaze Alexander 0-0: Grounds into double play, 4-6-3 (Groundball, 4, EV 80.6 MPH)
Top of the 3rd over - 0 runs, 1 hit, 0 errors, 0 left on base; Panama City 1 - Brooklyn 1
BOTTOM OF THE 3RD
Brooklyn Dodgers batting - Pitching for Panama City Piranhas : RHP Jaganmani Vivek
Batting: LHB Tim Stinson 0-0: Foul Ball, location: 2F
0-1: Called Strike
0-2: Ball
1-2: Ball
2-2: Ground out 3-1 (Groundball, 34, EV 76.2 MPH)
Batting: RHB Quindarious Monday 0-0: Called Strike
0-1: Ball
1-1: Ground out 6-3 (Groundball, 6M, EV 80.6 MPH)
Batting: SHB Fa-hsien Tze 0-0: Ball
1-0: Ground out 4-3 (Groundball, 4, EV 110.6 MPH)
Bottom of the 3rd over - 0 runs, 0 hits, 0 errors, 0 left on base; Panama City 1 - Brooklyn 1
TOP OF THE 4TH
Panama City Piranhas batting - Pitching for Brooklyn Dodgers : LHP Holden Rosen Grupp
Batting: RHB Carsello Scruggins 0-0: Called Strike
0-1: Ball
1-1: Ground out 4-3 (Groundball, 4, EV 91.2 MPH)
Batting: RHB William Penn 0-0: Called Strike
0-1: Ball
1-1: Ground out 6-3 (Groundball, 6, EV 83.1 MPH)
Batting: RHB Silvian Burger 0-0: Ball
1-0: Called Strike
1-1: Foul Ball, location: 2F
1-2: Foul Ball, location: 2F
1-2: SINGLE (Groundball, 34D, EV 95.6 MPH)
Batting: LHB Hugh Hill 0-0: Ball
1-0: Ball
2-0: Called Strike
2-1: Ground out 5-3 (Groundball, 56S, EV 86.2 MPH)
Top of the 4th over - 0 runs, 1 hit, 0 errors, 1 left on base; Panama City 1 - Brooklyn 1
BOTTOM OF THE 4TH
Brooklyn Dodgers batting - Pitching for Panama City Piranhas : RHP Jaganmani Vivek
Batting: RHB Carlos Muñóz 0-0: Ground out 5-3 (Groundball, 56, EV 84.4 MPH)
Batting: LHB Tony Wonder 0-0: Ball
1-0: Ball
2-0: Ball
3-0: Foul Ball, location: 2F
3-1: Base on Balls
Batting: LHB Richello Mabait 0-0: Ball
1-0: Called Strike
1-1: Grounds into double play, 6-4-3 (Groundball, 56, EV 88.1 MPH)
Bottom of the 4th over - 0 runs, 0 hits, 0 errors, 0 left on base; Panama City 1 - Brooklyn 1
TOP OF THE 5TH
Panama City Piranhas batting - Pitching for Brooklyn Dodgers : LHP Holden Rosen Grupp
Batting: RHB Luke Thornton 0-0: Ball
1-0: Ball
2-0: Ball
3-0: Base on Balls
Batting: RHB Hyeon-cheong Kim 0-0: Called Strike
0-1: Foul Ball, location: 2F
0-2: Ball
1-2: DOUBLE (Flyball, 89D, EV 98.8 MPH)
Luke Thornton to third
Batting: LHB Oasiz Wiesblatt 0-0: Ball
1-0: 3-RUN HOME RUN (Flyball, 9D, EV 99.4 MPH), Distance : 372 ft
Batting: RHB Cleveland Kraut 0-0: Called Strike
0-1: Ball
1-1: Fly out, F5 (Popup, 56S, EV 76.9 MPH)
Batting: RHB Blaze Alexander 0-0: Called Strike
0-1: Ground out 6-3 (Groundball, 6, EV 84.4 MPH)
Batting: RHB Carsello Scruggins 0-0: Ball
1-0: Swinging Strike
1-1: Fly out, F4 (Popup, 4, EV 60.6 MPH)
Top of the 5th over - 3 runs, 2 hits, 0 errors, 0 left on base; Panama City 4 - Brooklyn 1
BOTTOM OF THE 5TH
Brooklyn Dodgers batting - Pitching for Panama City Piranhas : RHP Jaganmani Vivek
Batting: RHB Bill Chaundler 0-0: Ball
1-0: Called Strike
1-1: Called Strike
1-2: Ball
2-2: Strikes out swinging
Batting: LHB Jung-joon Yi 0-0: Called Strike
0-1: Foul Ball, location: 2F
0-2: Strikes out swinging, 2-3 out at first.
Batting: RHB Joey Trifone 0-0: Ground out 6-3 (Groundball, 6, EV 88.8 MPH)
Bottom of the 5th over - 0 runs, 0 hits, 0 errors, 0 left on base; Panama City 4 - Brooklyn 1
TOP OF THE 6TH
Panama City Piranhas batting - Pitching for Brooklyn Dodgers : LHP Holden Rosen Grupp
Batting: RHB William Penn 0-0: Ball
1-0: Called Strike
1-1: Foul Ball, location: 2F
1-2: Ball
2-2: Ground out 6-3 (Groundball, 6, EV 103.1 MPH)
Batting: RHB Silvian Burger 0-0: Ground out 6-3 (Groundball, 6M, EV 77.5 MPH)
Batting: LHB Hugh Hill 0-0: Ball
1-0: Swinging Strike
1-1: Ball
2-1: Foul Ball, location: 2F
2-2: Foul Ball, location: 2F
2-2: Ball
3-2: Ground out 4-3 (Groundball, 4, EV 86.9 MPH)
Top of the 6th over - 0 runs, 0 hits, 0 errors, 0 left on base; Panama City 4 - Brooklyn 1
BOTTOM OF THE 6TH
Brooklyn Dodgers batting - Pitching for Panama City Piranhas : RHP Jaganmani Vivek
Batting: LHB Tim Stinson 0-0: Called Strike
0-1: Ball
1-1: Called Strike
1-2: Foul Ball, location: 2F
1-2: Ball
2-2: Foul Ball, location: 2F
2-2: Fly out, F8 (Flyball, 8RS, EV 85.6 MPH)
Batting: RHB Quindarious Monday 0-0: Ball
1-0: Ground out 6-3 (Groundball, 6, EV 86.2 MPH)
Batting: SHB Fa-hsien Tze 0-0: Ball
1-0: Ball
2-0: Called Strike
2-1: Ball
3-1: Fly out, F7 (Flyball, 7LD, EV 91.2 MPH)
Bottom of the 6th over - 0 runs, 0 hits, 0 errors, 0 left on base; Panama City 4 - Brooklyn 1
TOP OF THE 7TH
Panama City Piranhas batting - Pitching for Brooklyn Dodgers : LHP Holden Rosen Grupp
Batting: RHB Luke Thornton 0-0: Foul Ball, location: 2F
0-1: Ball
1-1: Fly out, F9 (Flyball, 89M, EV 92.5 MPH)
Batting: RHB Hyeon-cheong Kim 0-0: Ground out 5-3 (Groundball, 56, EV 86.9 MPH)
Batting: LHB Oasiz Wiesblatt 0-0: Called Strike
0-1: Called Strike
0-2: Ball
1-2: Ground out 2-3 (Groundball, 2L, EV 70.6 MPH)
Top of the 7th over - 0 runs, 0 hits, 0 errors, 0 left on base; Panama City 4 - Brooklyn 1
BOTTOM OF THE 7TH
Brooklyn Dodgers batting - Pitching for Panama City Piranhas : RHP Jaganmani Vivek
Batting: RHB Carlos Muñóz 0-0: Ball
1-0: Ground out 5-3 (Groundball, 56S, EV 65.6 MPH)
Batting: LHB Tony Wonder 0-0: Swinging Strike
0-1: SINGLE (Groundball, 56D, EV 108.1 MPH)
Pitching: LHP Gunner Cross
Batting: LHB Richello Mabait 0-0: SINGLE (Flyball, 89M, EV 86.9 MPH)
Tony Wonder to second
Runner from 2nd tries for 3rd, SAFE, throw by CF made to third
Batting: RHB Bill Chaundler 0-0: Foul Ball, location: 2F
0-1: Foul Ball, location: 2F
0-2: Foul Ball, location: 2F
0-2: Foul Ball, location: 2F
0-2: Ball
1-2: Ball
2-2: Foul Ball, location: 2F
2-2: Strikes out looking
Batting: LHB Jung-joon Yi 0-0: Called Strike
0-1: Ball
1-1: Ball
2-1: Called Strike
2-2: Foul Ball, location: 2F
2-2: Foul Ball, location: 2F
2-2: Foul Ball, location: 2F
2-2: Foul Ball, location: 2F
2-2: Ball
3-2: Ground out 5-3 (Groundball, 56S, EV 67.5 MPH)
Bottom of the 7th over - 0 runs, 2 hits, 0 errors, 2 left on base; Panama City 4 - Brooklyn 1
TOP OF THE 8TH
Panama City Piranhas batting - Pitching for Brooklyn Dodgers : LHP Holden Rosen Grupp
Batting: RHB Cleveland Kraut 0-0: Ball
1-0: Called Strike
1-1: Fly out, F8 (Flyball, 89D, EV 82.5 MPH)
Batting: RHB Blaze Alexander 0-0: Ball
1-0: Swinging Strike
1-1: Foul Ball, location: 2F
1-2: Fly out, F1 (Line Drive, P, EV 70.0 MPH)
Pitching: RHP Liam Bane
Batting: RHB Carsello Scruggins 0-0: Foul Ball, location: 2F
0-1: Swinging Strike
0-2: Ball
1-2: Ball
2-2: Ground out 6-3 (Groundball, 6M, EV 87.5 MPH)
Top of the 8th over - 0 runs, 0 hits, 0 errors, 0 left on base; Panama City 4 - Brooklyn 1
BOTTOM OF THE 8TH
Brooklyn Dodgers batting - Pitching for Panama City Piranhas : LHP Gunner Cross
Batting: RHB Joey Trifone 0-0: Ball
1-0: Foul Ball, location: 2F
1-1: Foul Ball, location: 2F
1-2: Ball
2-2: Ball
3-2: Ground out 1-3 (Groundball, 23, EV 90.0 MPH)
Batting: LHB Tim Stinson 0-0: Called Strike
0-1: Called Strike
0-2: Ball
1-2: Ball
2-2: Foul Ball, location: 2F
2-2: Ball
3-2: Strikes out looking
Batting: RHB Quindarious Monday 0-0: Ground out 4-3 (Groundball, 4MS, EV 80.0 MPH)
Bottom of the 8th over - 0 runs, 0 hits, 0 errors, 0 left on base; Panama City 4 - Brooklyn 1
TOP OF THE 9TH
Panama City Piranhas batting - Pitching for Brooklyn Dodgers : RHP Liam Bane
Batting: RHB William Penn 0-0: TRIPLE (Line Drive, 89XD, EV 101.9 MPH)
Batting: RHB Silvian Burger 0-0: Ball
1-0: Called Strike
1-1: Ball
2-1: Ball
3-1: Foul Ball, location: 2F
3-2: Strikes out looking
Batting: LHB Hugh Hill 0-0: Intentional Walk
Batting: RHB Luke Thornton 0-0: Called Strike
0-1: Fly out, F8 (Flyball, 8RM, EV 95.0 MPH)
Runner from 3rd tags up, SCORES, throw by CF
Batting: RHB Hyeon-cheong Kim 0-0: Ball
1-0: Called Strike
1-1: Ball
2-1: Called Strike
2-2: Ground out 5-3 (Groundball, 56S, EV 84.4 MPH)
Top of the 9th over - 1 run, 1 hit, 0 errors, 1 left on base; Panama City 5 - Brooklyn 1
BOTTOM OF THE 9TH
Brooklyn Dodgers batting - Pitching for Panama City Piranhas : LHP Gunner Cross
Batting: SHB Fa-hsien Tze 0-0: Foul Ball, location: 2F
0-1: Ball
1-1: Fly out, F7 (Line Drive, 7, EV 88.1 MPH)
Batting: RHB Carlos Muñóz 0-0: Ball
1-0: Foul Ball, location: 2F
1-1: Ball
2-1: Foul Ball, location: 2F
2-2: Foul Ball, location: 2F
2-2: Strikes out looking
Pitching: RHP Marvin Sidebottom
Batting: LHB Tony Wonder 0-0: Foul Ball, location: 2F
0-1: SINGLE (Line Drive, 5L, EV 101.9 MPH)
Batting: LHB Richello Mabait 0-0: Ball
1-0: Ball
2-0: Called Strike
2-1: Swinging Strike
2-2: Foul Ball, location: 2F
2-2: Ball
3-2: Fly out, F8 (Flyball, 8RM, EV 93.1 MPH)
Bottom of the 9th over - 0 runs, 1 hit, 0 errors, 1 left on base; Panama City 5 - Brooklyn 1
Friday, March 26th, 2021 - OOTP Baseball 20.8 Build 74